Map: Ruins of Seras

Players

NoRegreT - Winner!

  • Race: Zerg Zerg
  • League: Master

NightEnD

  • Race: Protoss Protoss
  • League: Master

Event: ASL Season 5 Prime League LOTV Beta

VOD

Have the link to the VOD?

Description

Time

  • Played on: Sept. 29, 2015, 9:38 a.m.
  • Length: 8:44

All games in this series

Show
View Real Time Build Order
Export as new Build Order

NoRegreT Zerg - Winner!

Build Orders: 3 Hatch before Pool 

Get SALT Encoding   

  12  0:01  Drone  
  13  0:08  Drone  
  14  0:21  Extractor  
  14  0:22  Drone x2, Extractor  
  14  0:28  Overlord  
  16  0:52  Drone  
  16  0:54  Hatchery  
  16  0:55  Drone  
  17  1:00  Drone  
  18  1:23  Drone  
  18  1:24  Hatchery  
  18  1:27  Drone  
  19  1:37  Extractor  
  18  1:42  Spawning Pool  
  18  1:44  Drone  
  18  1:48  Drone  
  18  1:51  Drone  
  20  2:10  Drone x3  
  20  2:11  Evolution Chamber  
  22  2:17  Drone  
  22  2:22  Drone  
  24  2:27  Drone  
  24  2:29  Queen  
  27  2:35  Queen  
  29  2:39  Zerg Melee Weapons Level 1  
  29  2:44  Overlord  
  29  2:47  Drone  
  29  2:49  Drone  
  31  2:52  Drone  
  31  2:56  Drone  
  31  2:57  Drone  
  34  3:01  Overlord  
  34  3:10  Queen  
  36  3:13  Metabolic Boost  
  36  3:15  Zergling x2  
  36  3:16  Zergling x2  
  36  3:18  Drone  
  39  3:21  Drone  
  39  3:22  Drone  
  39  3:24  Drone  
  42  3:28  Drone x2  
  42  3:30  Drone  
  42  3:32  Drone  
  46  3:34  Drone  
  46  3:36  Drone  
  48  3:43  Extractor  
  48  3:44  Extractor  
  48  3:45  Drone x4  
  50  3:51  Overlord  
  50  4:03  Baneling Nest, Zergling x2  
  50  4:09  Overlord  
  50  4:10  Zergling x4  
  50  4:11  Zergling x8  
  50  4:12  Drone  
  57  4:17  Zergling x2  
  58  4:28  Zergling x14  
  58  4:29  Zergling x2  
  66  4:36  Overlord  
  65  4:51  Zergling x8  
  65  4:52  Zergling x4  
  65  4:56  Zergling x6  
  66  5:00  Zergling x6  
  66  5:01  Zergling x10  
  74  5:08  Zergling x4  
  74  5:13  Zergling x6  
  70  5:15  Zergling x2  
  70  5:20  Zergling x2  
  67  5:21  Queen  
  67  5:22  Queen  
  67  5:24  Zergling x2  
  71  5:29  Zergling x6  
  71  5:30  Zergling x4  
  71  5:33  Zergling x4  
  71  5:34  Zergling x6  
  72  5:36  Zergling x4  
  72  5:37  Zergling x4  
  72  5:39  Zergling x2  
  72  5:41  Zergling x2  
  73  5:47  Zergling x2  
  74  5:50  Overlord  
  74  5:51  Zerg Ground Armor Level 1  
  74  6:00  Overlord  
  74  6:08  Overlord  
  74  6:10  Zergling x12  
  74  6:11  Lair  
  80  6:12  Zergling x2  
  80  6:14  Zergling x2  
  82  6:20  Zergling x4  
  82  6:26  Zergling x2  
  76  6:33  Zergling x4  
  76  6:34  Zergling x4  
  76  6:36  Zergling x6  
  76  6:38  Zergling x2  
  84  6:42  Zergling x8  
  84  6:43  Zergling x4  
  84  6:45  Zergling x4  
  92  6:48  Zergling x2  
  93  6:54  Baneling  
  93  6:55  Baneling x7  
  93  6:56  Baneling  
  93  7:00  Zergling x4  
  92  7:14  Zergling x4  
  92  7:15  Zergling x6  
  93  7:16  Zergling x4  
  93  7:18  Zergling x6  
  93  7:19  Zergling x2  
  93  7:21  Zergling x2  
  98  7:24  Zergling x2  
  98  7:28  Zergling x2  
  97  7:30  Zergling x4  
  97  7:33  Zergling x2  
  97  7:37  Zergling x2  
  90  7:39  Zergling x6  
  90  7:44  Zergling x2  
  86  7:46  Zergling x2  
  79  7:51  Zergling x2  
  79  7:52  Zergling x4  
  79  7:56  Drone  
  75  8:11  Zergling x4  
  75  8:13  Zergling x6  
  75  8:15  Zergling x2  
  75  8:16  Baneling x2  
  75  8:17  Baneling x2  
  79  8:24  Zergling x4  
Show
View Real Time Build Order
Export as new Build Order

NightEnD Protoss 

Build Orders: 1 Gate Expand 

Get SALT Encoding   

  12  0:00  Probe (Chrono Boost)  
  13  0:10  Probe (Chrono Boost)  
  14  0:22  Probe (Chrono Boost), Pylon  
  15  0:40  Probe (Chrono Boost)  
  16  0:47  Gateway  
  16  0:49  Probe (Chrono Boost)  
  17  0:59  Probe (Chrono Boost)  
  18  1:09  Probe (Chrono Boost)  
  19  1:19  Probe (Chrono Boost)  
  19  1:24  Nexus  
  20  1:29  Probe (Chrono Boost)  
  21  1:33  Pylon  
  21  1:39  Probe (Chrono Boost)  
  22  1:45  Assimilator  
  22  1:47  Assimilator  
  22  1:49  Probe (Chrono Boost)  
  23  1:59  Cybernetics Core  
  23  2:00  Probe (Chrono Boost)  
  24  2:07  Zealot  
  26  2:10  Probe (Chrono Boost)  
  27  2:19  Probe (Chrono Boost)  
  27  2:22  Warp Gate (Chrono Boost)  
  28  2:29  Probe (Chrono Boost)  
  28  2:35  Probe (Chrono Boost)  
  28  2:36  Adept  
  31  2:40  Probe  
  33  2:46  Probe  
  33  2:48  Robotics Facility  
  34  2:52  Probe  
  34  2:56  Probe  
  35  3:05  Probe  
  37  3:06  Probe  
  37  3:10  Gateway  
  38  3:13  Pylon  
  38  3:18  Adept (Chrono Boost)  
  40  3:35  Warp Prism (Chrono Boost)  
  40  3:37  Gateway  
  40  3:40  Gateway  
  42  3:48  Gateway  
  42  3:49  Mothership Core  
  44  4:06  Pylon x2  
  44  4:18  Adept x2  
  48  4:26  Gateway  
  48  4:28  Gateway  
  48  4:40  Adept  
  48  4:41  Adept x3  
  48  5:03  Adept x5  
  58  5:20  Immortal (Chrono Boost)  
  54  5:26  Adept x5  
  66  5:31  Adept x2  
  52  5:57  Probe x2  
  54  6:04  Adept x4  
  54  6:05  Adept x3  
  68  6:12  Pylon  
  68  6:13  Pylon  
  68  6:21  Twilight Council  
  68  6:29  Adept x4  
  56  6:35  Adept x3  
  56  6:36  Adept x4  
  64  7:11  Adept  
  64  7:12  Adept x4  
  64  7:13  Adept x2  
  78  7:21  Pylon  
  78  7:22  Pylon  
  50  7:56  Adept x3  
  46  8:12  Pylon  
  46  8:27  Pylon  
  46  8:33  Pylon  
  46  8:37  Pylon  
Tags
 
Add a new tag
Caveats
  • Supply blocks, unpowered buildings, or Contaminate may cause inaccurate times.
  • Supply counts are checked every 10 seconds.